 Dungeon Crawl Stone Soup version 0.29-a0-344-ge2f44be95a (webtiles) character file.

Game seed: 14370048760296817765

6663 iguanaiguana the Cleaver (level 10, -14/83 HPs)
             Began as a Minotaur Chaos Knight on Apr 21, 2022.
             Was a Plaything of Xom.
             Killed from afar by a raiju (18 damage)
             ... with a living lightning
             ... on level 9 of the Dungeon.
             The game lasted 00:20:18 (9708 turns).

iguanaiguana the Cleaver (Minotaur Chaos Knight)    Turns: 9708, Time: 00:20:19

Health: -14/83     AC: 16    Str: 22    XL:     10   Next: 73%
Magic:  9/9        EV:  7    Int:  7    God:    Xom [....*.]
Gold:   387        SH:  0    Dex: 11    Spells: 9/9 levels left

rFire   + . .      SeeInvis .   d - +3 battleaxe
rCold   . . .      Faith    .   (shield currently unavailable)
rNeg    + . .      Spirit   .   H - +1 plate armour {rN+}
rPois   +          Reflect  .   (helmet unavailable)
rElec   .          Harm     .   i - scarf {repulsion}
rCorr   .          Rampage  .   (no gloves)
Will    .....                   B - +0 pair of boots
Stlth   ..........              (no amulet)
HPRegen 0.23/turn               g - ring of protection from fire
MPRegen 0.11/turn               E - ring of poison resistance

@: repel missiles
A: horns 3, retaliatory headbutt, camouflage 1, agile 1, dopey 1, poison
resistance, screaming 1, subdued magic 1
a: Renounce Religion


You were on level 9 of the Dungeon.
You worshipped Xom.
You were a beloved toy of Xom.
You visited 1 branch of the dungeon, and saw 9 of its levels.
You also visited: Ossuary.

You collected 496 gold pieces.
You spent 109 gold pieces at shops.

Inventory:

Hand Weapons
 d - a +3 battleaxe (weapon)
 n - a +0 war axe
 x - a +3 hunting sling of flaming
Missiles
 a - 7 throwing nets
 r - 29 boomerangs (quivered)
 u - 5 curare-tipped darts
 K - 9 poisoned darts
Armour
 i - a scarf of repulsion (worn)
 l - a +0 chain mail
 m - an orb of energy
 v - a +0 plate armour
 B - a +0 pair of boots (worn)
 H - a +1 plate armour of positive energy (worn)
Jewellery
 g - a ring of protection from fire (left hand)
 t - a ring of wizardry
 E - a ring of poison resistance (right hand)
Wands
 L - a wand of acid (3) {@v1}
Scrolls
 b - a scroll of identify {@r1}
 e - 2 scrolls of blinking {@r4}
 j - a scroll of teleportation {@r3}
 y - a scroll of silence {unknown}
 z - 3 scrolls of fear {unknown}
 A - 3 scrolls of enchant weapon
 F - a scroll of enchant armour {unknown}
 I - a scroll of fog {unknown}
 J - a scroll of acquirement {unknown}
 M - a scroll of brand weapon {unknown}
Potions
 f - 2 potions of brilliance
 h - 7 potions of curing {@q1}
 k - a potion of haste {@q4}
 o - a potion of attraction {unknown}
 p - a potion of flight
 q - a potion of lignification {unknown}
 s - 2 potions of magic {unknown}
 w - 4 potions of heal wounds {@q2}
 C - a potion of mutation {unknown}
 D - 2 potions of might {unknown}
 G - a potion of cancellation {unknown}
Miscellaneous
 c - a piece from Xom's chessboard (10/15)


   Skills:
 - Level 6.3 Fighting
 - Level 14.1 Axes
 - Level 6.0 Throwing
 - Level 10.0 Armour
 - Level 1.1 Dodging
 + Level 3.4 Evocations


You had 9 spell levels left.
You didn't know any spells.
Your spell library contained the following spells:

 Spells                   Type           Power      Damage    Failure   Level
 Slow                     Hex            0%         N/A       99%         1
 Confusing Touch          Hex            0%         N/A       100%        3
 Gell's Gravitas          Tloc           0%         N/A       100%        3
 Teleport Other           Tloc           0%         N/A       100%        3
 Vampiric Draining        Necr           0%         2d6       100%        3
 Dispersal                Tloc           0%         N/A       100%        6
 Malign Gateway           Summ/Tloc      0%         N/A       100%        7
 Summon Horrible Things   Summ           0%         N/A       100%        8


Dungeon Overview and Level Annotations

Branches:
Dungeon (9/15)             Temple (0/1) D:4         Ossuary (visited)
   Lair: D:8-11         Orc: D:9-12

Altars:
Kikubaaqudgha
Ru
Sif Muna
Uskayaw
Vehumet
Xom

Shops:
D:4 *

Annotations:
D:5 3 runed translucent doors, Antichthon's ghost, novice NaWr; Pikel; croobank's ghost, novice DsAK; jujuben's ghost, novice TrGl


Innate Abilities, Weirdness & Mutations

You have a pair of large horns on your head.
You reflexively headbutt those who attack you in melee.
Your skin changes colour to match your surroundings (Stealth+).
You are agile. (Dex +2)
You are dopey. (Int -2)
Your system is resistant to poisons. (rPois)
You occasionally shout uncontrollably at your foes.
Your spells are a little easier to cast, but a little less powerful.


Message History

The raiju closely misses you.
You miss the raiju.
You headbutt the raiju, but do no damage.
The raiju is lightly wounded.
The raiju bursts into living lightning!
The living lightning hits you.
* * * LOW HITPOINT WARNING * * *
The raiju blinks!
A raiju is nearby!
Aiming: Corrosive Bolt
Press: ? - help, Shift-Dir - straight line, f - raiju
Aim: a raiju (lightly wounded, 60% to hit)
The bolt of acid hits the raiju!!
The raiju is heavily wounded.
Aiming: Corrosive Bolt
Press: ? - help, Shift-Dir - straight line, f/p - raiju
Aim: a raiju (heavily wounded, 60% to hit)
The bolt of acid hits the raiju!
The raiju is almost dead.
You barely miss the raiju. Your headbutt misses the raiju.
The raiju is almost dead.
The raiju bites you.
* * * LOW HITPOINT WARNING * * *
The raiju shocks you!
* * * LOW HITPOINT WARNING * * *
You hit the raiju.
The raiju is almost dead.
The raiju bursts into living lightning!
The living lightning hits you!
* * * LOW HITPOINT WARNING * * *
The raiju blinks!
Aiming: Corrosive Bolt
Press: ? - help, Shift-Dir - straight line, f - you, p - raiju
Okay, then.
You make a move on Xom's chessboard...
The raiju resists with significant effort.
The raiju bursts into living lightning!
The living lightning hits you!!
You die...
Xom giggles madly!

....... ....... #..
....... #h. .......
#.. ....... ##. #.#
..... ####.. #.#
#.#... #.+ ##.....
#.# ....... #@# ###
#...... #ยง# ....
......)##.######....
#....)).............
.#....)#####........
#.#.... #........
#..... #.#######
####.. #.#.....#
.####. #.#.....#


You could see a raiju.

Vanquished Creatures
  A shining eye (shapeshifter) (D:3)
  Joseph (D:9)
  A shadow (D:9)
  A wyvern (D:8)
  3 steam dragons
  Grum (D:8)
  A water moccasin (D:8)
  An orc warrior (D:9)
  5 ice beasts
  A swamp drake (D:6)
  2 sky beasts
  A black bear (D:8)
  2 ogres
  2 centaurs
  A lemure (D:4)
  3 wolves
  3 phantoms (D:4)
  A kobold brigand (D:8)
  4 gnoll sergeants
  A bullfrog (D:7)
  2 scorpions (D:6)
  4 water moccasin zombies (Ossuary)
  11 wights
  6 howler monkeys (D:8)
  3 orc priests
  19 hounds
  3 gnoll shamans
  Natasha (twice) (D:2)
  9 orc wizards
  2 mummies (Ossuary)
  10 adders
  40 gnolls
  2 shadow imps
  An ufetubus (D:6)
  4 adder zombies (Ossuary)
  2 worms
  A dart slug (D:4)
  49 orcs
  6 ball pythons
  6 bats
  7 endoplasms
  6 giant cockroaches
  9 goblins
  5 hobgoblins
  6 jackals
  9 kobolds
  A quokka (D:2)
  A gnoll zombie (Ossuary)
  7 hobgoblin zombies (Ossuary)
  9 kobold zombies (Ossuary)
  8 orc zombies (Ossuary)
  4 rats
290 creatures vanquished.

Vanquished Creatures (collateral kills)
  2 gnoll shamans
  An orc priest (D:7)
  An adder (D:6)
  6 gnolls
10 creatures vanquished.

Vanquished Creatures (others)
  A gnoll (D:8)
  3 plants (D:1)
  4 withered plants (D:5)
8 creatures vanquished.

Grand Total: 308 creatures vanquished

Notes
Turn   | Place    | Note
-------+----------+-------------------------------------------
     0 | D:1      | iguanaiguana the Minotaur Chaos Knight began the quest for
                  | the Orb.
     0 | D:1      | Reached XP level 1. HP: 19/19 MP: 0/0
   303 | D:1      | Reached skill level 4 in Axes
   387 | D:1      | XOM: divination: magic mapping
   446 | D:1      | Reached XP level 2. HP: 26/26 MP: 1/1
   618 | D:1      | Reached skill level 5 in Axes
   832 | D:1      | Reached XP level 3. HP: 28/31 MP: 2/2
  1263 | D:2      | XOM: noise
  1266 | D:2      | Noticed Natasha
  1270 | D:2      | Killed Natasha
  1321 | D:2      | Reached XP level 4. HP: 37/39 MP: 3/3
  1335 | D:2      | Reached skill level 6 in Axes
  1543 | D:2      | Noticed Natasha
  1546 | D:2      | Noticed Natasha
  1546 | D:2      | Natasha changed into Natasha the wolf
  1546 | D:2      | XOM: polymorph Natasha -> Natasha the wolf
  1547 | D:2      | XOM: enchant monster (bad)
  1551 | D:2      | Killed Natasha the wolf
  1552 | D:2      | Reached skill level 7 in Axes
  1552 | D:2      | Reached XP level 5. HP: 24/45 MP: 4/4
  1561 | D:2      | Noticed Natasha
  1568 | D:2      | Killed Natasha
  2172 | D:3      | Noticed a shapeshifter
  2172 | D:3      | a worm changed into a shapeshifter
  2172 | D:3      | Noticed a raiju
  2172 | D:3      | a shapeshifter changed into a raiju
  2175 | D:3      | Noticed a shapeshifter
  2175 | D:3      | a raiju changed into a shapeshifter
  2175 | D:3      | Noticed a shining eye
  2175 | D:3      | a shapeshifter changed into a shining eye
  2181 | D:3      | Gained mutation: You are dopey. (Int -2) [a shining eye]
  2182 | D:3      | Gained mutation: Your spells are a little easier to cast,
                  | but a little less powerful. [a shining eye]
  2183 | D:3      | Killed a shining eye
  2184 | D:3      | Reached skill level 9 in Axes
  2184 | D:3      | Reached XP level 6. HP: 22/51 MP: 5/5
  2184 | D:3      | Reached XP level 7. HP: 25/57 MP: 6/6
  2463 | D:3      | XOM: noise
  2710 | D:3      | Found a shimmering blue altar of Sif Muna.
  2895 | D:4      | Found Alyded's Assorted Antiques.
  2898 | D:4      | Bought a lumpy brown potion for 20 gold pieces
  2898 | D:4      | Bought a bubbling brown potion for 20 gold pieces
  2898 | D:4      | Bought a scroll labelled TAOHUOSHOK for 23 gold pieces
  2978 | D:4      | XOM: noise
  3026 | D:4      | Reached skill level 10 in Axes
  3107 | D:4      | Reached skill level 5 in Fighting
  3415 | D:4      | Found a staircase to the Ecumenical Temple.
  3988 | D:4      | Bought a scroll labelled VUFONAOGGU for 23 gold pieces
  3988 | D:4      | Bought a scroll labelled XUNWULO XIEGHO for 23 gold pieces
  3997 | D:5      | Entered Level 5 of the Dungeon
  4003 | D:5      | XOM: confuse monster(s)
  4011 | D:5      | Reached XP level 8. HP: 66/70 MP: 7/7
  4051 | D:5      | Found a runed translucent gate.
  4051 | D:5      | Found a runed translucent gate.
  4052 | D:5      | Found a runed translucent gate.
  4053 | D:5      | Noticed jujuben's ghost (novice TrGl)
  4053 | D:5      | Noticed Antichthon's ghost (novice NaWr)
  4053 | D:5      | Noticed croobank's ghost (novice DsAK)
  4066 | D:5      | XOM: 1-stop teleportation journey
  4124 | D:5      | Noticed Pikel
  4333 | D:5      | Reached skill level 5 in Armour
  4333 | D:5      | XOM: enchant monster (good)
  4417 | D:5      | XOM: confuse monster(s)
  4581 | D:5      | XOM: smoke on damage
  4952 | D:6      | XOM: stat loss: -1 Dex (8/9)
  4987 | D:6      | Found a sacrificial altar of Ru.
  5028 | D:6      | Noticed a +0 short sword
  5029 | D:6      | Noticed a +0 short sword
  5033 | D:6      | Noticed a +0 falchion
  5033 | D:6      | Noticed a +0 spear
  5033 | D:6      | Noticed a +0 falchion
  5034 | D:6      | Noticed a +0 dagger
  5034 | D:6      | Noticed a +0 spear
  5036 | D:6      | Noticed a +0 dagger
  5038 | D:6      | XOM: scenery: summon butterflies
  5058 | D:6      | XOM: smoke on damage
  5063 | D:6      | Found an ancient bone altar of Kikubaaqudgha.
  5065 | D:6      | Found a hide-covered altar of Uskayaw.
  5200 | D:6      | XOM: polymorph ice beast -> swamp drake
  5231 | D:6      | XOM: cast spell 'Death Channel'
  5236 | D:6      | XOM: divination: detect creatures
  5528 | D:6      | Reached XP level 9. HP: 74/75 MP: 8/8
  5812 | D:7      | XOM: summons friendly white imp
  5836 | D:7      | Reached skill level 10 in Armour
  6250 | D:7      | Reached skill level 11 in Axes
  6564 | D:7      | XOM: summons friendly white imp
  6652 | D:7      | XOM: give mutations
  6652 | D:7      | Gained mutation: You are agile. (Dex +2) [Xom's grace]
  6652 | D:7      | Gained mutation: Your system is resistant to poisons.
                  | (rPois) [Xom's grace]
  6764 | D:8      | Reached skill level 12 in Axes
  6948 | D:7      | XOM: give mutation
  6948 | D:7      | Gained mutation: You occasionally shout uncontrollably at
                  | your foes. [Xom's mischief]
  7006 | D:8      | Found a sand-covered staircase.
  7014 | Ossuary  | Entered an ossuary
  7086 | Ossuary  | Reached skill level 13 in Axes
  7429 | D:8      | XOM: 1-stop teleportation journey
  7434 | D:8      | Noticed Grum
  7440 | D:8      | Reached XP level 10. HP: 17/83 MP: 9/9
  7440 | D:8      | Killed Grum
  7447 | D:8      | Reached skill level 14 in Axes
  7561 | D:8      | Reached skill level 1 in Throwing
  7760 | D:8      | XOM: 8-stop teleportation journey
  8096 | D:8      | XOM: cloud trail
  8175 | D:8      | XOM: enchant monster (good)
  8189 | D:8      | XOM: potion effect (brilliance)
  8192 | D:8      | XOM: fog
  8654 | D:8      | XOM: scenery: create altars
  8689 | D:8      | XOM: scenery: 8 doors close
  8822 | D:8      | XOM: confuse monster(s)
  8873 | D:8      | XOM: give mutations
  8873 | D:8      | Gained mutation: Your skin changes colour to match your
                  | surroundings (Stealth+). [Xom's grace]
  8873 | D:8      | Gained mutation: You have a pair of large horns on your
                  | head. [Xom's grace]
  8964 | D:8      | Reached skill level 5 in Throwing
  9150 | D:9      | Found a radiant altar of Vehumet.
  9159 | D:9      | Noticed Joseph
  9159 | D:9      | XOM: 1-stop teleportation journey
  9164 | D:9      | Killed Joseph
  9170 | D:9      | Reached skill level 1 in Evocations
  9701 | D:9      | XOM: polymorph troll -> raiju
  9707 | D:9      | HP: 4/83 [raiju/living lightning (11)]
  9708 | D:9      | Killed from afar by a raiju

Illustrated notes

Levels and vault maps discovered:
D:1:      dpeg_arrival_stone_temple_mockup, layout_basic, serial_forest,
          infiniplex_forest_clump_cross, infiniplex_forest_lined_ring,
          infiniplex_forest_clump_long, infiniplex_forest_diagonal,
          infiniplex_forest_clump_large, infiniplex_forest_pool,
          infiniplex_forest_clump_cross
D:2:      layout_rooms, uniq_natasha
D:3:      layout_rooms, lemuel_blue_sif_altar, grunt_ministairs_12
D:4:      layout_basic, minmay_temple_entry_mini_moons, serial_shops,
          nicolae_stop_n_shop_1, grunt_ministairs_15, nicolae_underground_beach
D:5:      layout_gridville, gammafunk_ghost_cemetery, supply_closet_lemuel,
          uniq_pikel
D:6:      layout_rooms, mainiacjoe_overflow_paths, lemuel_crystal_altar,
          nicolae_uskayaw_en_pointe, lemuel_another_geyser
D:7:      layout_basic, grunt_ogre_cave
D:8:      black_bear_nest_1, layout_cave_pools, serial_gnoll_camp, grums_kennel,
          gnoll_camp_medium_02, gnoll_camp_mini_hut, gnoll_camp_mini_loothouse,
          gnoll_camp_mini_basic, gnoll_camp_huts_moat,
          lightli_ossuary_entry_decrepit_ruins
D:9:      layout_irregular_city, nicolae_vehumet_radiance, hiddenorc1_lemuel,
          serial_shops, nicolae_shop_waterfront, kennysheep_nondescript,
          minmay_misc_feat_cross, minmay_misc_feat_tower, eino_tiny_chamber,
          uniq_joseph

Skill      XL: |  1  2  3  4  5  6  7  8  9 10 |
---------------+-------------------------------+-----
Axes           | 4 5 7 9 10 13 14 | 14.1
Fighting       | 6 |  6.3
Armour         | 4 9 10 | 10.0
Throwing       | 6 |  6.0
Evocations     | 3 |  3.4
Dodging        | |  1.1

Action                   |  1- 3 |  4- 6 |  7- 9 | 10-12 || total
-------------------------+-------+-------+-------+-------++-------
Melee: Hand axe          |    39 |    46 |   229 |       ||   314
       Headbutt          |    10 |    10 |    88 |    34 ||   142
       Punch             |       |     1 |     3 |       ||     4
       War axe           |       |       |   114 |       ||   114
       Battleaxe         |       |       |    90 |   135 ||   225
Throw: Boomerang         |       |       |     3 |    14 ||    17
Evoke: Wand              |       |     1 |       |     8 ||     9
       Piece from Xom's  |       |       |       |     5 ||     5
  Use: Scroll            |       |       |    15 |       ||    15
       Potion            |       |       |     3 |     1 ||     4
 Stab: Confused          |       |       |     1 |       ||     1
       Petrified         |       |       |     3 |       ||     3
       Paralysed         |       |       |     2 |       ||     2
       Sleeping          |       |       |     1 |     1 ||     2
Armor: Leather armour    |    11 |     1 |       |       ||    12
       Chain mail        |       |    10 |    30 |       ||    40
       Plate armour      |       |       |   239 |   101 ||   340
Dodge: Dodged            |    17 |    14 |   121 |    82 ||   234
       Repelled          |       |       |       |     1 ||     1

Table legend: (Time is in decaauts)
 A = Elapsed time spent in this place.
 B = Non-inter-level travel time spent in this place.
 C = Inter-level travel time spent in this place.
 D = Time resting spent in this place.
 E = Time spent auto-exploring this place.
 F = Levels seen in this place.
 G = Mean time per level.
                   A        B        C        D        E       F      G
               +--------+--------+--------+--------+--------+-----+--------+
         Total |   9666 |   8983 |    683 |   1542 |   5816 |  10 |  966.6 |
       Dungeon |   9484 |   8801 |    683 |   1542 |   5731 |   9 | 1053.8 |
       Ossuary |    181 |    181 |      0 |      0 |     85 |   1 |  181.0 |
               +--------+--------+--------+--------+--------+-----+--------+

Top non-repeatable levels by time:
     D:8: 2062 daAuts
     D:1: 1178 daAuts
     D:4: 1119 daAuts
     D:7: 1087 daAuts
     D:3: 973 daAuts
     D:6: 897 daAuts
     D:5: 851 daAuts
     D:2: 737 daAuts
     D:9: 575 daAuts
 Ossuary: 181 daAuts
